 Dungeon Crawl Stone Soup version 0.27.1-33-g824d729ab1 (console) character file.

Game seed: 3964964608086227711

315 Banquo the Chopper (level 6, -6/46 HPs)
             Began as a Djinni Chaos Knight on Dec 16, 2021.
             Was a Plaything of Xom.
             Mangled by Pikel (9 damage)
             ... on level 3 of the Dungeon.
             The game lasted 00:17:34 (5461 turns).

Banquo the Chopper (Djinni Chaos Knight)            Turns: 5461, Time: 00:17:35

Health: -6/46      AC:  9    Str: 13    XL:     6   Next: 72%
Gold:   85         EV: 12    Int: 11    God:    Xom [....*.] SH:  0 Dex: 13

rFire    + + .     SeeInvis .   b - staff of air
rCold    x . .     Faith    .   (no shield)
rNeg     . . .     Spirit   .   d - +2 leather armour
rPois    ∞         Reflect  .   (no helmet)
rElec    +         Harm     .   (no cloak)
rCorr    .         Rampage  .   (no gloves)
Will     .....     Clarity  +   (boots unavailable)
Stlth    ++........             (no amulet)
HPRegen  0.15/turn              (no ring)
MPRegen  0.00/turn              (no ring)

@: unable to read, flying
A: sickness immunity, fire resistance 2, cold vulnerability 1, float, innate
caster, hp casting, extra vitality 1, iridescent scales 2, camouflage 1,
clarity, dopey 2, mutation resistance 1, sense surroundings 3, electricity
resistance, strong 1, inability to read while threatened, MP-powered wands
a: Renounce Religion


You were on level 3 of the Dungeon.
You worshipped Xom.
You were a beloved toy of Xom.
You visited 1 branch of the dungeon, and saw 4 of its levels.

You collected 85 gold pieces.

Inventory:

Hand Weapons
 a - a +1 hand axe of freezing
 e - a +0 hand axe
 s - a +0 hand axe of chaos
Missiles
 g - 7 javelins (quivered)
 n - 75 stones
 p - 2 atropa-tipped darts
 t - 3 curare-tipped darts
Armour
 d - a +2 leather armour (worn)
 i - a +0 buckler
Magical Staves
 b - a staff of air (weapon)
 l - a staff of poison
Jewellery
 k - an amulet of the acrobat
 o - an amulet of magic regeneration
Scrolls
 c - a scroll of teleportation {unknown}
 f - a scroll of enchant weapon {unknown}
 j - a scroll of noise {unknown}
 m - a scroll of torment {unknown}
 r - a scroll of vulnerability {unknown}
Potions
 h - a potion of haste
 q - 2 potions of curing


   Skills:
 - Level 3.1 Fighting
 + Level 3.5 Axes
 + Level 2.5 Armour
 + Level 2.8 Dodging
 * Level 1.6 Shields
 * Level 2.7 Spellcasting


You had 7 spell levels left.
You knew the following spells:

 Your Spells              Type           Power      Damage    Failure   Level
a - Shock                 Conj/Air       44%        1d5       11%         1
d - Static Discharge      Conj/Air       11%        N/A       17%         2
Your spell library was empty.

Dungeon Overview and Level Annotations

Branches:
Dungeon (4/15)
 Temple: D:4-7

Altars:
Qazlal
Xom
Zin

Annotations:
D:2 1 runed translucent door, Crazy Yiuf
D:3 Grinder, Pikel, Terence


Innate Abilities, Weirdness & Mutations

You are immune to sickness and miasma.
You are immune to poison.
Your flesh is very heat resistant. (rF++)
You are vulnerable to cold. (rC-)
You float through the air rather than walking.
You learn spells naturally, not from books.
Your magical power is your life essence.
You have superior vitality. (+4 HP)
You are mostly covered in iridescent scales. (AC +4)
Your skin changes colour to match your surroundings (Stealth+).
You possess an exceptional clarity of mind.
You are very dopey. (Int -4)
You are somewhat resistant to further mutation.
You passively map a large area around you.
You are resistant to electric shocks. (rElec)
Your muscles are strong. (Str +2)
You sometimes lose the ability to read scrolls when taking damage.
You expend health (3 HP) to strengthen your wands.


Message History

You feel a surge of power!
The zap hits Pikel.
Pikel is lightly wounded.
Casting: Shock (safe; 11% risk of failure)
Confirm with . or Enter, or press ? or * to list all spells.
You feel a surge of power!
Pikel is struck by an arc of lightning!
Pikel is moderately wounded.
You resist.
You are struck by an arc of lightning.
Pikel hits you but does no damage.
Unknown command.
Casting: Static Discharge (safe; 17% risk of failure)
Confirm with . or Enter, or press ? or * to list all spells.
You feel a surge of power!
Pikel is struck by an arc of lightning!
Pikel is heavily wounded.
The lightning grounds out.
Pikel hits you with a +2 whip of freezing.
Pikel freezes you.
Casting: Static Discharge (safe; 17% risk of failure)
Confirm with . or Enter, or press ? or * to list all spells.
You feel a surge of power!
Pikel is struck by an arc of lightning.
Pikel is heavily wounded.
The lightning grounds out.
Pikel barely misses you.
Unknown command.
Casting: Static Discharge (safe; 17% risk of failure)
Confirm with . or Enter, or press ? or * to list all spells.
You feel a surge of power!
Pikel is struck by an arc of lightning.
Pikel is severely wounded.
You resist.
You are struck by an arc of lightning.
Pikel hits you with a +2 whip of freezing.
You feel threatened and lose the ability to read scrolls!
Pikel freezes you.
Pikel hits you with a +2 whip of freezing!
* * * LOW HITPOINT WARNING * * *
Pikel freezes you.
* * * LOW HITPOINT WARNING * * *
Your magical contamination has completely faded away.
A mysterious force pulls you upwards. The hatch slams shut behind you.
Level annotation: Grinder, Terence Pikel hits you with a +2 whip of freezing!
You die...
Xom howls with laughter!

.#..#..####)..#######.##.###.##
###.#...# ##.###### .# # ##.# #
##..#.###.[.....# #@#. #.#
###...............###.#.## ##.#
.#.#..#.###..............###.##
#.##..#.###.........#...#...##
#........##.......#.###.##.#
####..#..##......K#.#......#
#............@.#........#
#...........####.#...<..#
#####.#########.###....#####
#.# ######.## ##.......#
#.###...###.###...####.#
#.##.###.###.#.#.## #.#
#......#.# ##:##.# #.#
#.##.#.#.# #(##.# #.#
#.###...#####.##.# #.#


You could see Pikel.

Vanquished Creatures
  A lemure (D:4)
  A scorpion (D:4)
  Dowan (D:4)
  An orc priest (D:3)
  An orc wizard (D:4)
  3 adders
  7 orcs
  10 endoplasms
  3 giant cockroaches
  2 hobgoblins
  5 jackals
  A quokka (D:2)
  5 ball pythons
  7 bats
  3 frilled lizards
  3 goblins
  11 kobolds
  3 rats
  3 bushes (D:1)
71 creatures vanquished.

Vanquished Creatures (collateral kills)
  Duvessa (D:4)
1 creature vanquished.

Vanquished Creatures (others)
  3 plants (D:1)
3 creatures vanquished.

Grand Total: 75 creatures vanquished

Notes
Turn   | Place    | Note
-------+----------+-------------------------------------------
     0 | D:1      | Banquo the Djinni Chaos Knight began the quest for the Orb.
     0 | D:1      | Reached XP level 1. HP: 20/20 MP: 0/0
    17 | D:1      | Found a faded altar of an unknown god.
   202 | D:1      | Reached XP level 2. HP: 20/25 MP: 0/0
   454 | D:1      | XOM: silly message
   777 | D:1      | Reached XP level 3. HP: 26/30 MP: 0/0
   777 | D:1      | Learned a level 1 spell: Shock
   840 | D:1      | XOM: potion effect (haste)
  1028 | D:1      | XOM: give mutations
  1028 | D:1      | Gained mutation: You sometimes lose the ability to read
                  | scrolls when taking damage. [Xom's mischief]
  1028 | D:1      | Gained mutation: You are dopey. (Int -2) [Xom's mischief]
  1028 | D:1      | Gained mutation: You are very dopey. (Int -4) [Xom's
                  | mischief]
  1090 | D:1      | XOM: give mutations
  1090 | D:1      | Gained mutation: You possess an exceptional clarity of
                  | mind. [Xom's grace]
  1090 | D:1      | Gained mutation: Your skin changes colour to match your
                  | surroundings (Stealth+). [Xom's grace]
  1090 | D:1      | Gained mutation: You are resistant to electric shocks.
                  | (rElec) [Xom's grace]
  1090 | D:1      | Gained mutation: You passively map a small area around you.
                  | [Xom's grace]
  1828 | D:2      | Reached skill level 1 in Spellcasting
  1898 | D:2      | XOM: 2-stop teleportation journey
  2048 | D:2      | Reached XP level 4. HP: 32/35 MP: 0/0
  2185 | D:2      | XOM: silly message
  2247 | D:2      | Found a runed translucent door.
  2248 | D:2      | Noticed Crazy Yiuf
  2552 | D:3      | Noticed Terence
  3450 | D:3      | XOM: give mutations
  3450 | D:3      | Gained mutation: You are partially covered in iridescent
                  | scales. (AC +2) [Xom's grace]
  3450 | D:3      | Gained mutation: You are somewhat resistant to further
                  | mutation. [Xom's grace]
  3450 | D:3      | Gained mutation: You passively map the area around you.
                  | [Xom's grace]
  3461 | D:3      | XOM: god gift: 41 gold pieces
  3475 | D:3      | XOM: 2-stop teleportation journey
  3624 | D:3      | Noticed Grinder
  3711 | D:3      | XOM: 2-stop teleportation journey
  3881 | D:3      | XOM: potion effect (curing)
  3951 | D:3      | XOM: give mutations
  3951 | D:3      | Gained mutation: You expend health (3 HP) to strengthen
                  | your wands. [Xom's grace]
  3951 | D:3      | Gained mutation: Your muscles are strong. (Str +2) [Xom's
                  | grace]
  3951 | D:3      | Gained mutation: You passively map a large area around you.
                  | [Xom's grace]
  3951 | D:3      | Gained mutation: You are mostly covered in iridescent
                  | scales. (AC +4) [Xom's grace]
  4055 | D:4      | XOM: scenery: create altars
  4135 | D:3      | Reached XP level 5. HP: 7/40 MP: 0/0
  4135 | D:3      | Learned a level 2 spell: Static Discharge
  4379 | D:3      | XOM: god gift: 56 gold pieces
  4522 | D:4      | Found a stormy altar of Qazlal.
  4557 | D:4      | Reached skill level 1 in Shields
  4709 | D:4      | Noticed a lemure
  4709 | D:4      | Noticed a lemure
  4709 | D:4      | XOM: 2-stop teleportation journey
  4710 | D:4      | Noticed Pikel
  4710 | D:4      | Noticed a lemure
  4710 | D:4      | Noticed a lemure
  4711 | D:4      | Noticed an ogre
  4806 | D:4      | Reached XP level 6. HP: 28/46 MP: 0/0
  4818 | D:4      | XOM: stat loss: -1 Dex (12/13)
  4966 | D:4      | XOM: stat loss: -1 Int (10/11)
  5039 | D:4      | Found a glowing silver altar of Zin.
  5039 | D:4      | Noticed an angel
  5039 | D:4      | XOM: 3-stop teleportation journey
  5066 | D:4      | Noticed Duvessa
  5070 | D:4      | XOM: scenery: create altars
  5083 | D:4      | XOM: scenery: create altars
  5210 | D:4      | Noticed Dowan
  5222 | D:4      | Killed Duvessa
  5226 | D:4      | Killed Dowan
  5461 | D:3      | Mangled by Pikel

Illustrated notes

Levels and vault maps discovered:
D:1:      roderic_dead_forest, layout_loops_ring, serial_forest,
          infiniplex_forest_zigzag_1, infiniplex_forest_lined_3,
          infiniplex_forest_clump_medium, infiniplex_forest_fountain,
          infiniplex_forest_end_3, infiniplex_forest_clump_tiny,
          chequers_ecumenical_altar_simple_redux, chequers_big_river
D:2:      layout_loops_ring, uniq_crazy_yiuf_cottage
D:3:      layout_loops_ring, uniq_grinder, uniq_terence
D:4:      layout_rooms, zin_angel, mainiacjoe_overflow_concentric_impassable,
          uniq_duvessa, uniq_pikel

Skill      XL: |  1  2  3  4  5 |
---------------+----------------+-----
Axes           | 3 |  3.5
Spellcasting   | 1 2 |  2.7
Armour         | 2 |  2.5
Shields        | 1 |  1.6
Fighting       | |  3.1
Dodging        | |  2.8

Action                   |  1- 3 |  4- 6 || total
-------------------------+-------+-------++-------
Melee: Hand axe          |   138 |    56 ||   194
       Staff             |       |     3 ||     3
 Cast: Shock             |    38 |    93 ||   131
       Static Discharge  |       |     9 ||     9
  Use: Scroll            |       |     4 ||     4
       Potion            |       |     1 ||     1
 Stab: Sleeping          |     1 |       ||     1
Armor: Leather armour    |    31 |    23 ||    54
Dodge: Dodged            |    39 |    68 ||   107
